 Dungeon Crawl Stone Soup version 0.29.1-15-g9cfb28693d (webtiles) character file.

Game seed: 2038974990352599462

35 DoomSlayer the Shield-Bearer (level 3, 0/33 HPs)
             Began as a Minotaur Fighter on Feb 28, 2023.
             Slain by a gnoll
             ... wielding a +0 club
              (3 damage)
             ... on level 3 of the Dungeon.
             The game lasted 00:01:28 (223 turns).

DoomSlayer the Shield-Bearer (Minotaur Fighter)      Turns: 223, Time: 00:01:29

Health: 0/33       AC:  7    Str: 20    XL:     3   Next: 17%
Magic:  2/2        EV:  9    Int:  7    God:
Gold:   16         SH:  4    Dex:  9    Spells: 2/2 levels left

rFire   . . .      SeeInvis .   a - +0 war axe
rCold   . . .      Faith    .   c - +0 buckler
rNeg    + . .      Spirit   .   b - +0 scale mail
rPois   .          Reflect  .   (helmet restricted)
rElec   .          Harm     .   (no cloak)
rCorr   .          Rampage  .   (no gloves)
Will    .....                   (no boots)
Stlth   ..........              (no amulet)
HPRegen 0.11/turn               g - ring of positive energy
MPRegen 0.08/turn               (no ring)

@: mighty, very slow
A: horns 2, retaliatory headbutt
a: no special abilities


You were on level 3 of the Dungeon.
You visited 1 branch of the dungeon, and saw 3 of its levels.

You collected 16 gold pieces.

Inventory:

Hand Weapons
 a - a +0 war axe (weapon)
Armour
 b - a +0 scale mail (worn)
 c - a +0 buckler (worn)
Jewellery
 g - a ring of positive energy (left hand)


   Skills:
 * Level 3.9 Fighting
 * Level 2.6 Axes
 * Level 0.5 Throwing
 * Level 4.0 Armour
 * Level 0.7 Dodging
 * Level 0.4 Stealth
 * Level 4.1 Shields


You had 2 spell levels left.
You didn't know any spells.
Your spell library was empty.

Dungeon Overview and Level Annotations

Branches:
Dungeon (3/15)

Altars:

Portals:
Sewer: D:3

Annotations:
D:1 2 transporters


Innate Abilities, Weirdness & Mutations

You have a pair of horns on your head.
You reflexively headbutt those who attack you in melee.


Message History

A gnoll comes into view. It is wielding a +0 spear.
Found a glowing drain.
The gnoll attacks as you move away! The gnoll barely misses you.
A ball python comes into view.
The ball python hisses angrily.
The gnoll attacks as you move away! The gnoll hits you with a +0 club.
A rat and a quokka come into view.
Found a triangular bronze amulet.
You enter the shallow water.
Moving in this stuff is going to be slow.
The ball python bites you but does no damage.
The ball python closely misses you. The ball python bites you.
The ball python grabs you. The ball python constricts you.
You escape the ball python's grasp.
The rat bites you but does no damage. The ball python bites you.
The ball python barely misses you.
You closely miss the rat. You hit the ball python.
You kill the ball python!
You hit the gnoll. You block the rat's attack.
The gnoll hits you with a +0 club! The rat bites you but does no damage.
Your unstable footing causes you to fumble your attack.
The quokka bites you.
The gnoll splashes around in the water. x2
The rat barely misses you. The quokka bites you.
The gnoll hits you with a +0 club!
* * * LOW HITPOINT WARNING * * *
Unknown command.
You feel very mighty all of a sudden. The gnoll closely misses you.
The quokka bites you.
* * * LOW HITPOINT WARNING * * *
The rat bites you but does no damage.
You closely miss the rat. You hit the gnoll. You slash the quokka!
You kill the quokka!
The gnoll splashes around in the water.
The rat closely misses you.
The gnoll splashes around in the water.
You slash the rat!
You kill the rat!
You barely miss the gnoll.
The gnoll splashes around in the water.
The gnoll hits you but does no damage. The gnoll closely misses you.
The gnoll attacks as you move away! The gnoll hits you with a +0 club.
You die...

#.##.##..#
##........#
##..#~..#..###
#...~~~~~.....
#.#~~~~~~~#...
###.~~~~~~~~..."
#....~~~∩~~~....
#.#..~~~@~~~...#
...#~~~gg~~#.##
#...~~g~~...#
##..#...#..##
#.###............
#................
#####..######.###
#..# ##
gg.......#


You could see 3 gnolls.

Vanquished Creatures
  An adder (D:2)
  2 dart slugs (D:1)
  2 ball pythons
  A bat (D:1)
  An endoplasm (D:3)
  2 giant cockroaches (D:1)
  2 hobgoblins (D:1)
  2 jackals (D:1)
  A kobold (D:1)
  2 quokkas
  A frilled lizard (D:1)
  3 rats
20 creatures vanquished.

Notes
Turn   | Place    | Note
-------+----------+-------------------------------------------
     0 | D:1      | DoomSlayer the Minotaur Fighter began the quest for the
                  | Orb.
     0 | D:1      | Reached XP level 1. HP: 19/19 MP: 0/0
    88 | D:1      | Reached XP level 2. HP: 20/27 MP: 1/1
   186 | D:2      | Reached XP level 3. HP: 25/33 MP: 2/2
   211 | D:3      | Found a glowing drain.
   223 | D:3      | Slain by a gnoll

Illustrated notes

Levels and vault maps discovered:
D:1:      spicycebolla_arrival_transporter_tutorial, layout_loops_ring,
          hellmonk_ecumenical_altar_prayer_group, serial_glass, glass_columns_a,
          glass_columns_c, glass_columns_a, minmay_strange_pillars,
          minmay_strange_pillars, minmay_strange_pillars, item_on_display_a
D:2:      layout_loops_corners, grunt_ministairs_6, minmay_crystal_room
D:3:      layout_loops_ring, kennysheep_slug_shrine, nzn_hepliaklqana_mist_gate,
          mainiacjoe_overflow_swirl, cheibrodos_sewer_entry_drain

Skill      XL: |  1  2 |
---------------+-------+-----
Shields        | 4 |  4.1
Armour         | 4 |  4.0
Fighting       | |  3.9
Axes           | |  2.6
Throwing       | |  0.5
Dodging        | |  0.7
Stealth        | |  0.4

Action                   || total
-------------------------++-------
Melee: War axe           ||    29
       Headbutt          ||     5
Throw: Throwing net      ||     1
  Use: Scroll            ||     1
       Potion            ||     1
Armor: Scale mail        ||    25
Dodge: Dodged            ||    28
Block: Buckler           ||    10
